 Dungeon Crawl Stone Soup version 0.30-a0-949-g53dc5368d7 (webtiles) character file.

Game seed: 14263835759846779769

68095 DeathPants the Severer (level 15, -1/85 HPs)
             Began as a Vine Stalker Fighter on Mar 27, 2023.
             Was an Initiate of Gozag.
             Slain by a wolf spider (12 damage)
             ... on level 5 of the Lair of Beasts.
             The game lasted 00:54:34 (18235 turns).

DeathPants the Severer (Vine Stalker Fighter)      Turns: 18235, Time: 00:54:34

Health: -1/85      AC: 14    Str: 23    XL:     15   Next: 25%
Magic:  0/29       EV: 18    Int: 12    God:    Gozag
Gold:   5814       SH: 12    Dex: 16    Spells: 26/33 levels left

rFire   . . .      SeeInvis .    a - +1 war axe (flame)
rCold   . . .      Faith    .    X - +1 buckler {rN+}
rNeg    + . .      Spirit   +    K - +3 leather armour of the Neverending Nights {Rampage rElec}
rPois   .          Reflect  +    T - +1 helmet
rElec   +          Rampage  +    d - +1 cloak
rCorr   .                        R - +1 pair of gloves {Str+3}
Will    +....                    L - +0 pair of boots {Fly}
Stlth   +++                      E - amulet of reflection
HPRegen 1.14/turn                C - +5 ring of evasion
MPRegen 0.21/turn                r - ring of Shadows {Umbra +Inv Stlth+}

@: flying, wreathed by umbra
A: fangs 3, regeneration 1, magic shield, antimagic bite, no potion heal 2
a: Renounce Religion, Evoke Invisibility, Potion Petition, Call Merchant, Bribe
Branch


You were on level 5 of the Lair of Beasts.
You worshipped Gozag.
Gozag was greatly pleased with you.
You visited 3 branches of the dungeon, and saw 19 of its levels.
You also visited: Bailey, Gauntlet and Volcano.

You collected 6391 gold pieces.
You spent 507 gold pieces at shops.
You paid 70 gold pieces to Gozag.

Inventory:

Hand Weapons
 a - a +1 war axe of flaming (weapon)
 b - the +9 hammer of the Final Yaks {spect, rElec}
   (You found it on level 3 of the Dungeon)

   rElec:     It insulates you from electricity.
Missiles
 w - 7 silver javelins
 y - 21 boomerangs (quivered)
 z - 6 curare-tipped darts
Armour
 d - a +1 cloak (worn)
 K - the +3 leather armour of the Neverending Nights (worn) {Rampage rElec}
   (You found it on level 7 of the Dungeon)

   rElec:     It insulates you from electricity.
   Rampage:   It bestows one free step when moving towards enemies.
 L - a +0 pair of boots of flying (worn)
 R - a +1 pair of gloves of strength (worn)
 T - a +1 helmet (worn)
 X - a +1 buckler of positive energy (worn)
Jewellery
 g - an amulet of regeneration
 r - the ring of Shadows (right hand) {Umbra +Inv Stlth+}
   (You found it in a Gauntlet)

   [ring of stealth]

   Umbra:     It surrounds you with an aura of shadow, increasing your stealth
   and reducing the accuracy of all others within it.
   +Inv:      It lets you turn invisible.
   Stlth:     It makes you more stealthy.
 v - the ring "Xixor" {rPois rC+ Dex-2 SInv}
   (You found it on level 4 of the Dungeon)

   [ring of protection from cold]

   Dex:       It affects your dexterity (-2).
   rC:        It protects you from cold.
   rPois:     It protects you from poison.
   SInv:      It lets you see invisible.
 C - a +5 ring of evasion (left hand)
 E - an amulet of reflection (around neck)
 G - a ring of resist corrosion
Wands
 V - a wand of iceblast (4)
 Y - a wand of acid (5)
 Z - a wand of flame (4)
Scrolls
 f - 6 scrolls of fog
 j - 13 scrolls of teleportation
 l - 6 scrolls of vulnerability
 m - 2 scrolls of magic mapping
 q - 6 scrolls of blinking
 t - a scroll of summoning
 x - 2 scrolls of brand weapon
 D - 5 scrolls of identify
 P - 4 scrolls of enchant weapon
 Q - 2 scrolls of silence
 W - 3 scrolls of amnesia
Potions
 e - 12 potions of curing
 h - 5 potions of haste
 k - 6 potions of brilliance
 n - 4 potions of attraction
 p - 4 potions of magic
 s - 2 potions of mutation
 u - 3 potions of flight
 A - 2 potions of might
 F - 2 potions of lignification
 H - a potion of resistance
 J - a potion of berserk rage
 O - 3 potions of invisibility
 S - a potion of cancellation
Miscellaneous
 c - a condenser vane
 N - a lightning rod (4/4)


   Skills:
 + Level 12.7 Fighting
 - Level 15.0 Axes
 - Level 5.0 Armour
 - Level 4.9 Dodging
 - Level 6.3 Shields
 + Level 9.6 Spellcasting
 + Level 5.7 Hexes
 + Level 6.9 Necromancy


You had 26 spell levels left.
You knew the following spells:

 Your Spells              Type           Power      Damage    Failure   Level
a - Tukima's Dance        Hex            19%        N/A       4%          3
b - Dispel Undead         Necr           22%        3d12      11%         4

Your spell library contained the following spells:

 Spells                   Type           Power      Damage    Failure   Level
 Kiss of Death            Conj/Necr      56%        2d9       4%          1
 Confusing Touch          Hex            19%        N/A       4%          3
 Ensorcelled Hibernation  Hex/Ice        24%        N/A       9%          2
 Anguish                  Hex/Necr       10%        N/A       13%         4
 Inner Flame              Hex/Fire       12%        N/A       17%         3
 Portal Projectile        Hex/Tloc       24%        N/A       17%         3
 Cause Fear               Hex            9%         N/A       17%         4
 Freeze                   Ice            20%        1d4       19%         1
 Sandblast                Erth           10%        2d5       19%         1
 Blink                    Tloc           10%        N/A       28%         2
 Lesser Beckoning         Tloc           10%        N/A       28%         2
 Momentum Strike          Conj/Tloc      10%        3d8       28%         2
 Passwall                 Tmut/Erth      4%         N/A       28%         2
 Frozen Ramparts          Ice            10%        1d2       50%         3
 Hailstorm                Conj/Ice       5%         3d4       50%         3
 Ignite Poison            Fire/Tmut/Pois 5%         N/A       50%         3
 Spider Form              Tmut/Pois      5%         N/A       50%         3
 Stone Arrow              Conj/Erth      10%        3d7       50%         3
 Borgnjor's Vile Clutch   Necr/Erth      7%         N/A       77%         5
 Iskenderun's Mystic Bla  Conj/Tloc      5%         2d3       88%         4
 Sticky Flame             Conj/Fire      5%         2d3       88%         4
 Alistair's Intoxication  Tmut/Pois      3%         N/A       99%         5
 Blade Hands              Tmut           2%         N/A       99%         5
 Freezing Cloud           Conj/Ice/Air   2%         6-21      99%         5
 Irradiate                Conj/Tmut      2%         3d12      99%         5
 Eringya's Noxious Bog    Tmut/Pois      2%         N/A       100%        6
 Iron Shot                Conj/Erth      2%         9d2       100%        6
 Discord                  Hex            9%         N/A       100%        8
 Ignition                 Fire           2%         3d3       100%        8


Dungeon Overview and Level Annotations

Branches:
Dungeon (13/15)            Temple (1/1) D:5            Lair (5/5) D:9
 Shoals (0/4) Lair:3       Spider (0/4) Lair:2        Slime (0/5) Lair:4
    Orc (0/2) D:10         Bailey (visited)         Volcano (visited)
Gauntlet (visited)
 Vaults: D:13-14

Altars:
Ashenzari
Cheibriados
Dithmenos
Elyvilon
Fedhas
Gozag
Hepliaklqana
Kikubaaqudgha
Makhleb
Nemelex Xobeh
Okawaru
Qazlal
Ru
Sif Muna
Trog
Uskayaw
Vehumet
Wu Jian
Xom
Yredelemnul
Zin
The Shining One
Jiyva

Shops:
D:6 *

Annotations:
D:12 2 transporters, Shard1697's ghost, journeyman DgWn


Innate Abilities, Weirdness & Mutations

You have razor-sharp teeth.
Your natural rate of healing is unusually fast.
When hurt, damage is shared between your health and your magic reserves.
Your bite disrupts and absorbs the magic of your enemies.
Potions cannot restore your health.


Message History

The wolf spider stops moving altogether!
You have turned to stone.
You are engulfed in calcifying dust.
The wolf spider is engulfed in calcifying dust.
The catoblepas gores you but does no damage.
The wolf spider is engulfed in calcifying dust.
You are engulfed in calcifying dust.
The catoblepas gores you!!
The wolf spider is engulfed in calcifying dust.
You are engulfed in calcifying dust.
The catoblepas gores you!
The catoblepas gores you but does no damage.
The catoblepas gores you!! x2
The catoblepas gores you!
The wolf spider is no longer petrified.
The catoblepas gores you! The wolf spider hits you. The wolf spider bites you.
* * * LOW HITPOINT WARNING * * *
The wolf spider hits you but does no damage.
The wolf spider bites you but does no damage.
The catoblepas breathes a plume of calcifying dust at you.
The blast of calcifying dust hits you but does no damage.
The wolf spider hits you but does no damage.
The wolf spider bites you!
* * * LOW HITPOINT WARNING * * *
You are engulfed in calcifying dust.
The catoblepas gores you!
* * * LOW HITPOINT WARNING * * *
The wolf spider hits you!
* * * LOW HITPOINT WARNING * * *
The wolf spider bites you but does no damage.
You turn to flesh and can move again.
The wolf spider completely misses you. The wolf spider misses you.
The catoblepas closely misses you. The wolf spider hits you.
* * * LOW HITPOINT WARNING * * *
The wolf spider bites you.
* * * LOW HITPOINT WARNING * * *
You slice the catoblepas!! You burn the catoblepas. You bite the catoblepas.
You drain its power.
You feel invigorated.
The catoblepas is almost dead.
You barely miss the wolf spider. You block the catoblepas's attack.
The wolf spider hits you!
You die...
Your body crumbles into a pile of gold.

..##. #...####
#.##.#......... ###
#..#.###P.### #######........
# #P.....#....# #........
##...#......# #######....##.
###
#...........####.##......###.
#.#
###...#.....P##..........P...
.##
#..P#####..##..P...........
#.##
#####...$s§.#####....#.....
...# #..$#Y@.# ###.#...##.
...# #.......# ##.#..P## ...#
$#####..## #....### .<## $
...# ##...## # ...# ....#
#^..## # ...#
...#.#########...#### ...##
#...###......#......PP ....#
.... ##..#PP..........
P...####
#P.#.##................


You could see a catoblepas and a wolf spider.

Vanquished Creatures
  A tengu reaver (D:12)
  A minotaur (Gauntlet)
  A dire elephant (Lair:5)
  A red draconian (Volcano)
  Josephine (Lair:5)
  A rakshasa (D:12)
  An ice dragon (Lair:5)
  4 hydras
  An ogre mage (Volcano)
  4 two-headed ogres (Volcano)
  A centaur warrior (D:12)
  8 death yaks
  Nergalle (Lair:3)
  A soul eater (Gauntlet)
  A pharaoh ant (Lair:2)
  Amaemon (Lair:3)
  A skyshark (Lair:5)
  5 lindwurms
  An orc knight (Bailey)
  An ugly thing (D:12)
  An oklob plant (Lair:5)
  2 manticores
  6 elephants
  2 cyclopes
  4 black mambas
  7 cane toads
  6 torpor snails
  An orange demon (Lair:3)
  A gargoyle (Volcano)
  A molten gargoyle (Volcano)
  An unseen horror (D:11)
  Maggie (D:8)
  Psyche (D:11)
  A rime drake (Lair:5)
  7 komodo dragons
  3 kobold demonologists
  4 trolls
  2 polar bears
  3 tyrant leeches (Lair:5)
  2 tarantellas (Lair:2)
  9 hornets
  16 dream sheep
  6 blink frogs (Lair:5)
  A shadow (D:11)
  9 slime creatures
  6 wraiths
  54 yaks
  A vampire (D:6)
  3 wyverns
  3 basilisks
  2 fire bats (Volcano)
  A redback (Lair:2)
  6 vampire mosquitoes
  Menkaure (D:4)
  5 steam dragons
  Edmund (D:6)
  3 acid dragons
  2 wargs (D:9)
  Duvessa (D:3)
  18 water moccasins
  10 orc warriors
  3 ice beasts
  3 black bears
  3 ogres (D:7)
  17 wolves
  13 centaurs
  7 kobold brigands
  15 bullfrogs
  A gnoll sergeant (D:11)
  3 scorpions
  Dowan (D:3)
  6 wights
  24 killer bees
  6 electric eels (D:6)
  7 howler monkeys
  5 lava snakes (Volcano)
  5 jellies
  Crazy Yiuf (D:3)
  A gnoll bouda (D:4)
  8 orc priests
  2 hounds
  Jessica (D:2)
  5 iguanas
  A sleepcap (D:7)
  7 hell rats (Lair:4)
  12 orc wizards
  9 adders
  14 gnolls
  5 shadow imps
  4 white imps (D:7)
  3 ufetubi
  A worm (D:5)
  A dart slug (D:2)
  27 orcs
  4 bats
  9 endoplasms
  3 giant cockroaches
  4 goblins
  13 hobgoblins
  2 jackals (D:1)
  4 quokkas
  7 ball pythons
  A frilled lizard (D:2)
  30 kobolds
  5 rats
  A bush (Lair:5)
555 creatures vanquished.

Vanquished Creatures (others)
  A sea snake (shapeshifter) (D:13)
  A golden eye (shapeshifter) (D:13)
  An orc (D:7)
  18 fungi
  31 plants
  18 withered plants (Gauntlet)
70 creatures vanquished.

Grand Total: 625 creatures vanquished

Notes
Turn   | Place    | Note
-------+----------+-------------------------------------------
     0 | D:1      | DeathPants the Vine Stalker Fighter began the quest for the
                  | Orb.
     0 | D:1      | Reached XP level 1. HP: 11/11 MP: 2/2
   116 | D:1      | Reached skill level 2 in Axes
   145 | D:1      | Reached XP level 2. HP: 16/16 MP: 3/3
   246 | D:1      | Reached XP level 3. HP: 19/19 MP: 4/4
   988 | D:2      | Reached skill level 1 in Dodging
  1006 | D:2      | Gained mutation: Your natural rate of healing is unusually
                  | fast. [Vine Stalker growth]
  1006 | D:2      | Reached XP level 4. HP: 8/24 MP: 2/5
  1210 | D:2      | Reached skill level 3 in Axes
  1336 | D:2      | Noticed Jessica
  1348 | D:2      | Killed Jessica
  1349 | D:2      | Reached XP level 5. HP: 28/28 MP: 6/6
  1913 | D:3      | Identified the +9 hammer of the Final Yaks {spect, rElec}
  1917 | D:3      | Found a runed translucent door.
  1918 | D:3      | Noticed Crazy Yiuf
  1925 | D:3      | Killed Crazy Yiuf
  2206 | D:3      | Reached XP level 6. HP: 32/32 MP: 7/7
  2220 | D:4      | Identified the ring "Xixor" {rPois rC+ Dex-2 SInv}
  2258 | D:3      | Identified the +6 flail "Peleschu" {freeze, rElec rC+ Str+3
                  | Dex-4}
  2582 | D:4      | Noticed Duvessa
  2582 | D:4      | Noticed Dowan
  2588 | D:3      | Killed Duvessa
  2589 | D:3      | Reached skill level 4 in Axes
  2590 | D:3      | Killed Dowan
  2592 | D:3      | Reached XP level 7. HP: 37/37 MP: 6/8
  3055 | D:5      | Entered Level 5 of the Dungeon
  3382 | D:5      | Reached skill level 5 in Axes
  3420 | D:4      | Noticed Menkaure
  3425 | D:4      | Killed Menkaure
  3777 | D:5      | Gained mutation: You have razor-sharp teeth. [Vine Stalker
                  | growth]
  3777 | D:5      | Reached XP level 8. HP: 42/42 MP: 9/9
  3896 | D:5      | Reached skill level 6 in Axes
  3994 | D:5      | Found a staircase to the Ecumenical Temple.
  4010 | Temple   | Entered the Ecumenical Temple
  4327 | D:5      | Reached skill level 5 in Fighting
  4327 | D:5      | Reached skill level 5 in Shields
  4402 | D:5      | You fall into a shaft and drop 1 floor!
  4618 | D:6      | Noticed Edmund
  4626 | D:6      | Killed Edmund
  4685 | D:6      | Found Comas's Assorted Antiques.
  4694 | D:6      | Found a basalt altar of Yredelemnul.
  4710 | D:6      | Bought a scroll of identify for 62 gold pieces
  4710 | D:6      | Bought a scroll labelled KIL ZEQULU for 31 gold pieces
  4941 | D:5      | Found a shimmering blue altar of Sif Muna.
  5009 | D:6      | Found an opulent altar of Gozag.
  5010 | D:6      | Found a snail-covered altar of Cheibriados.
  5012 | D:6      | Found a stormy altar of Qazlal.
  5012 | D:6      | Found a blossoming altar of Fedhas.
  5018 | D:6      | Became a worshipper of Gozag Ym Sagoz the Greedy
  5163 | D:6      | Reached skill level 7 in Axes
  5169 | D:6      | Reached XP level 9. HP: 44/47 MP: 10/10
  5211 | D:7      | Found a flagged portal.
  5228 | Bailey   | Entered a bailey
  5342 | Bailey   | Noticed an orc knight
  5343 | Bailey   | Found a bloodstained altar of Trog.
  5352 | Bailey   | HP: 1/48 [orc warrior/+0 war axe (10)]
  5389 | Bailey   | Killed an orc knight
  5390 | Bailey   | Reached skill level 8 in Axes
  5540 | Bailey   | Identified the +2 robe of the Vanishing Leylines {rPois rN+
                  | Dex+3}
  6042 | D:7      | Reached skill level 9 in Axes
  6042 | D:7      | Reached XP level 10. HP: 34/53 MP: 8/11
  6586 | D:7      | Reached skill level 10 in Axes
  6704 | D:7      | Identified the +2 robe of Makhleb's Whim {rC+ Will+ Int+3}
  6788 | D:7      | Noticed a cyclops
  6803 | D:7      | Killed a cyclops
  6896 | D:7      | Identified the +3 leather armour of the Neverending Nights
                  | {Rampage rElec}
  6896 | D:7      | Identified the ring "Mutsoida" {Ice *Slow rElec rPois
                  | Dex+2}
  7339 | D:8      | Noticed Maggie
  7356 | D:8      | Killed Maggie
  7357 | D:8      | Reached skill level 1 in Spellcasting
  7387 | D:8      | Reached skill level 11 in Axes
  7402 | D:8      | Reached XP level 11. HP: 48/60 MP: 14/14
  7864 | D:8      | Found an ornate altar of the Wu Jian Council.
  8097 | D:9      | Found a staircase to the Lair.
  8370 | D:10     | Entered Level 10 of the Dungeon
  8377 | D:9      | Reached skill level 12 in Axes
  8765 | D:11     | Noticed a sun demon
  8771 | D:11     | Reached skill level 5 in Spellcasting
  8774 | D:11     | Reached XP level 12. HP: 67/67 MP: 20/20
  9191 | D:10     | Found a hazy altar of Hepliaklqana.
  9293 | D:10     | Found a staircase to the Orcish Mines.
  9392 | D:10     | Noticed Sonja
  9399 | D:10     | Reached skill level 13 in Axes
  9410 | D:10     | Sonja changed into Sonja the hornet
  9410 | D:10     | Noticed Sonja
  9413 | D:10     | Killed Sonja the hornet
  9503 | D:11     | Found the ring of the Octopus King
  9509 | D:11     | Identified a ring of the Octopus King {rC+ HP+2 AC+2 EV+2
                  | SH+2}
  9849 | D:11     | Noticed Psyche
  9867 | D:11     | Killed Psyche
 10266 | D:12     | Reached skill level 10 in Fighting
 10337 | D:13     | Noticed a centaur warrior
 10516 | D:12     | Killed a centaur warrior
 10647 | D:12     | Noticed a rakshasa
 10671 | D:12     | Killed a rakshasa
 10723 | D:12     | Noticed a two-headed ogre
 10725 | D:12     | Noticed a two-headed ogre
 10725 | D:12     | Noticed a fire giant
 10726 | D:12     | Noticed a centaur warrior
 10728 | D:12     | Noticed a seven-headed hydra
 11044 | D:12     | Noticed a stone giant
 11045 | D:12     | Noticed a tengu reaver
 11049 | D:12     | a stone giant changed into an azure jelly
 11049 | D:12     | Noticed an azure jelly (glowing shapeshifter)
 11050 | D:12     | Noticed Shard1697's ghost (journeyman DgWn)
 11051 | D:12     | Found a transporter.
 11052 | D:12     | an azure jelly changed into a quicksilver dragon
 11052 | D:12     | Noticed a quicksilver dragon (glowing shapeshifter)
 11056 | D:12     | a quicksilver dragon changed into a fire giant
 11056 | D:12     | Noticed a fire giant (glowing shapeshifter)
 11062 | D:12     | Found a transporter.
 11068 | D:12     | a fire giant changed into a quicksilver dragon
 11068 | D:12     | Noticed a quicksilver dragon (glowing shapeshifter)
 11112 | D:12     | Noticed a tengu reaver
 11124 | D:12     | Killed a tengu reaver
 11125 | D:12     | Reached skill level 14 in Axes
 11260 | D:12     | Reached XP level 13. HP: 71/72 MP: 23/23
 11554 | Lair:1   | Entered Level 1 of the Lair of Beasts
 11652 | Lair:2   | Found a gate leading to a gauntlet.
 11665 | Gauntlet | Entered a Gauntlet
 11665 | Gauntlet | Found a transporter.
 11665 | Gauntlet | Found a transporter.
 11667 | Gauntlet | Found the ring of Shadows {Umbra +Inv Stlth+}
 11669 | Gauntlet | Found a transporter.
 11669 | Gauntlet | Found a transporter.
 11669 | Gauntlet | Found a transporter.
 11670 | Gauntlet | Found a transporter.
 11738 | Gauntlet | Found a transporter.
 11782 | Gauntlet | Found a transporter.
 11788 | Gauntlet | Identified the +2 buckler "Weots" {Harm rPois Regen+}
 11819 | Gauntlet | Found a transporter.
 11847 | Gauntlet | Found a transporter.
 11853 | Gauntlet | Noticed a minotaur
 11861 | Gauntlet | Killed a minotaur
 11873 | Gauntlet | Identified the staff of fire "Fugaa" {Drain +Blink rElec
                  | rF+}
 11874 | Gauntlet | Got the Quarto of the Prime Crevasse
 11978 | Lair:2   | Found a dark tunnel.
 11983 | Volcano  | Entered a volcano
 12181 | Volcano  | Found a burning altar of Makhleb.
 12317 | Volcano  | Noticed a red draconian
 12332 | Volcano  | Killed a red draconian
 12575 | Lair:1   | Learned a level 4 spell: Dispel Undead
 12920 | Lair:1   | Reached skill level 15 in Axes
 13162 | Lair:1   | Reached skill level 5 in Armour
 13499 | Lair:2   | Found a hole to the Spider Nest.
 13506 | Lair:2   | Reached skill level 1 in Necromancy
 13909 | Lair:3   | Reached XP level 14. HP: 72/79 MP: 22/25
 13987 | Lair:3   | Noticed Nergalle
 14008 | Lair:3   | Killed Nergalle
 14161 | Lair:3   | Found a staircase to the Shoals.
 14407 | Lair:2   | Learned a level 3 spell: Tukima's Dance
 14780 | Lair:4   | Reached skill level 1 in Hexes
 14941 | D:6      | Bought a scroll of magic mapping for 232 gold pieces
 14941 | D:6      | Bought a potion of berserk rage for 155 gold pieces
 14941 | D:6      | Bought a brown potion for 27 gold pieces
 15153 | Lair:3   | Noticed Amaemon
 15162 | Lair:3   | Killed Amaemon
 15670 | Lair:4   | Reached skill level 5 in Necromancy
 15761 | Lair:4   | Found a bloodstained altar of Trog.
 15810 | Lair:5   | Entered Level 5 of the Lair of Beasts
 16443 | Lair:4   | Found a staircase to the Slime Pits.
 16444 | Lair:4   | Found a viscous altar of Jiyva.
 16766 | Lair:5   | Noticed Josephine
 16777 | Lair:5   | Killed Josephine
 17443 | Lair:5   | Found a runed translucent door.
 17627 | Lair:5   | Reached XP level 15. HP: 34/85 MP: 19/29
 17637 | Lair:5   | Reached skill level 5 in Hexes
 18235 | Lair:5   | Slain by a wolf spider

Illustrated notes

Levels and vault maps discovered:
D:1:      eino_arrival_cavern_b, layout_basic
D:2:      layout_basic, uniq_jessica
D:3:      layout_basic, eino_tiny_chamber, uniq_crazy_yiuf_cottage
D:4:      layout_cave_pods, uniq_menkaure, uniq_duvessa
D:5:      layout_basic, tgw_sif, minmay_temple_entry_proselytizer
D:6:      layout_loops_ring, grunt_temple_overflow_open, serial_shops,
          nicolae_shop_competitors_out_of_business, serial_bayou,
          serial_bayou_pond_a, serial_bayou_shore_a, serial_bayou_lake_a,
          serial_bayou_ford_a, uniq_edmund
D:7:      minmay_the_grid_plus [minmay_the_grid_medium_cups,
          minmay_the_grid_outer_circle, minmay_the_grid_holed_spiral,
          minmay_the_grid_odd_star, minmay_the_grid_prize_shrinking_boxes],
          layout_loops_ring, enter_bailey_2, minmay_fractal_squares_diagonal_5
D:8:      layout_loops_cross, nzn_wu_jian_council_hall, uniq_maggie
D:9:      layout_roguey, erik_lair_orcish_takeover
D:10:     layout_rooms, kennysheep_mini_moat, david_orc_4,
          corexii_leaking_fountain, evilmike_butchery, uniq_sonja
D:11:     layout_roguey, eino_tiny_chamber, uniq_psyche
D:12:     layout_stronghold, gammafunk_ghost_arena, minmay_three_doors
D:13:     layout_rooms, david_vaults_2
Temple:   dpeg_chambers_temple
Lair:1:   layout_cave_pods, grunt_megastairs_1
Lair:2:   layout_cave_pods, nicolae_spider_entry_lesser_pyramids,
          gauntlet_entry_generic, enter_volcano_4
Lair:3:   layout_chaotic_city, elwin_shoals_entry_rocks, nicolae_lair_lindhole,
          serial_bayou_shore_b, uniq_amaemon, uniq_nergalle
Lair:4:   layout_regular_city, slime_entry_1, basic_altar, patterned_corridor
Lair:5:   hangedman_lair_in_review, layout_layer_cave, wormcave,
          minmay_lair_oklob_bushes, uniq_josephine

Skill      XL: |  1  2  3  4  5  6  7  8  9 10 11 12 13 14 15 |
---------------+----------------------------------------------+-----
Axes           | 2 3 4 5 7 9 11 12 14 15 | 15.0
Fighting       | 3 4 5 6 8 9 10 11 12 | 12.7
Shields        | 3 4 5 6 |  6.3
Dodging        | 1 2 3 4 |  4.9
Spellcasting   | 1 5 6 7 9 |  9.6
Armour         | 3 5 |  5.0
Necromancy     | 2 6 |  6.9
Hexes          | 4 5 |  5.7

Action                     |  1- 3 |  4- 6 |  7- 9 | 10-12 | 13-15 || total
---------------------------+-------+-------+-------+-------+-------++-------
  Melee: War axe           |    53 |    68 |       |    21 |   588 ||   730
         Bite              |    16 |    17 |    37 |   206 |   297 ||   573
         Unarmed           |       |     3 |       |       |       ||     3
         Mace              |       |    31 |   162 |   429 |    96 ||   718
         Hand axe          |       |       |       |   180 |       ||   180
  Throw: Dart              |       |       |       |     1 |       ||     1
         Boomerang         |       |       |       |       |     1 ||     1
  Evoke: Wand              |       |       |     2 |     1 |       ||     3
    Use: Potion            |       |     1 |     2 |     2 |     3 ||     8
         Scroll            |       |       |    21 |     8 |     9 ||    38
   Stab: Distracted        |       |       |     1 |     7 |     7 ||    15
         Sleeping          |       |       |       |       |     6 ||     6
         Petrified         |       |       |       |       |     9 ||     9
 Armour: Scale mail        |    15 |    58 |    61 |   352 |    54 ||   540
         Skin              |       |     1 |       |       |       ||     1
         Leather armour    |       |       |       |       |   101 ||   101
  Dodge: Dodged            |    32 |    51 |   111 |   535 |   526 ||  1255
  Block: Buckler           |    16 |    21 |    29 |   251 |   372 ||   689
         Reflection        |       |       |       |       |     2 ||     2

Table legend: (Time is in decaauts)
 A = Elapsed time spent in this place.
 B = Non-inter-level travel time spent in this place.
 C = Inter-level travel time spent in this place.
 D = Time resting spent in this place.
 E = Time spent auto-exploring this place.
 F = Levels seen in this place.
 G = Mean time per level.
                   A        B        C        D        E       F      G
               +--------+--------+--------+--------+--------+-----+--------+
         Total |  18309 |  17539 |    770 |    654 |  11616 |  22 |  832.2 |
       Dungeon |  11318 |  10748 |    570 |    430 |   7312 |  13 |  870.6 |
        Temple |    226 |    204 |     22 |      0 |    191 |   1 |  226.0 |
          Lair |   5722 |   5545 |    177 |    224 |   3668 |   5 | 1144.4 |
        Bailey |    335 |    335 |      0 |      0 |    176 |   1 |  335.0 |
       Volcano |    492 |    492 |      0 |      0 |    239 |   1 |  492.0 |
      Gauntlet |    215 |    215 |      0 |      0 |     30 |   1 |  215.0 |
               +--------+--------+--------+--------+--------+-----+--------+

Top non-repeatable levels by time:
  Lair:5: 1517 daAuts
    D:12: 1308 daAuts
     D:6: 1229 daAuts
     D:7: 1161 daAuts
  Lair:2: 1160 daAuts
  Lair:4: 1148 daAuts
     D:2: 1061 daAuts
     D:3: 1042 daAuts
  Lair:3: 993 daAuts
     D:8: 919 daAuts
  Lair:1: 901 daAuts
     D:1: 848 daAuts
     D:4: 809 daAuts
    D:11: 742 daAuts
     D:5: 738 daAuts
